 Dungeon Crawl Stone Soup version 0.30-a0-1164-ge08a67761e (webtiles) character file.

Game seed: 1436988652595419875

318 funkygono the Chopper (level 6, 0/53 HPs)
             Began as a Minotaur Fighter on Apr 29, 2023.
             Slain by a jelly (1 damage)
             ... on level 3 of the Dungeon.
             The game lasted 00:02:40 (2394 turns).

funkygono the Chopper (Minotaur Fighter)            Turns: 2394, Time: 00:02:40

Health: 0/53       AC: -4    Str: 22    XL:     6   Next: 21%
Magic:  5/5        EV: 10    Int: 11    God:
Gold:   72         SH:  4    Dex: 10    Spells: 5/5 levels left

rFire   . . .        a - +0 war axe
rCold   . . .        c - +0 buckler
rNeg    . . .        b - +0 scale mail
rPois   .            (helmet restricted)
rElec   .            (no cloak)
rCorr   .            (no gloves)
SInv    .            (no boots)
Will    .....        (no amulet) Stlth
                     l - +6 ring of intelligence
HPRegen 0.28/turn    (no ring)
MPRegen 0.09/turn

%: no passive effects
@: corroded
A: horns 2, retaliatory headbutt
a: no special abilities


You were on level 3 of the Dungeon.
You visited 1 branch of the dungeon, and saw 3 of its levels.

You collected 72 gold pieces.

Inventory:

Hand Weapons
 a - a +0 war axe (weapon)
Missiles
 i - 5 javelins (quivered)
Armour
 b - a +0 scale mail (worn)
 c - a +0 buckler (worn)
Jewellery
 k - a ring of fire
 l - a +6 ring of intelligence (left hand)
 m - a ring of see invisible
Scrolls
 f - 5 scrolls of identify {unknown}
 h - a scroll of summoning {unknown}
 n - a scroll of enchant armour {unknown}
 p - a scroll of fear {unknown}
Potions
 d - a potion of might
 e - 3 potions of curing {unknown}
 g - a potion of resistance {unknown}
 j - a potion of brilliance {unknown}
 o - 2 potions of berserk rage {unknown}


   Skills:
 + Level 4.4 Fighting
 + Level 5.6 Axes
 + Level 5.1 Armour
 + Level 1.5 Dodging
 + Level 4.3 Shields


You had 5 spell levels left.
You didn't know any spells.
Your spell library contained the following spells:

 Spells                   Type           Power      Damage    Failure   Level
 Magic Dart               Conj           0%         1d3       71%         1
 Searing Ray              Conj           0%         2d4       85%         2
 Fulminant Prism          Conj/Hex       0%         3d5       100%        4


Dungeon Overview and Level Annotations

Branches:
Dungeon (3/15)

Altars:
Gozag
Vehumet

Annotations:
D:3 1 runed translucent door


Innate Abilities, Weirdness & Mutations

You have a pair of horns on your head.
You reflexively headbutt those who attack you in melee.


Message History

The jackal misses you. You furiously retaliate!
You headbutt the jackal. You slash the jackal!
You kill the jackal!
The giant cockroach closely misses you.
You slash the giant cockroach!
You kill the giant cockroach!
You closely miss the jackal. The jackal bites you.
You block the jackal's attack.
You slash the jackal!
You kill the jackal!
You hit the rat.
You kill the rat!
You hit the jelly.
Your hands burn!
The jelly is heavily wounded.
The jelly hits you. The acid corrodes you!
You are splashed with acid!
The jelly hits you but does no damage.
You hit the jelly. The acid corrodes you!
Your hands burn!
You headbutt the jelly, but do no damage.
The jelly is severely wounded.
The jelly completely misses you.
You hit the jelly.
Your hands burn!
You headbutt the jelly, but do no damage.
The jelly is almost dead.
You block the jelly's attack.
You hit the jelly but do no damage.
Your hands burn!
The jelly is almost dead.
The jelly closely misses you.
You completely miss the jelly.
The jelly is almost dead.
The jelly hits you. The acid corrodes you!
You are splashed with acid!
* * * LOW HITPOINT WARNING * * *
You hit the jelly but do no damage.
Your hands burn!
* * * LOW HITPOINT WARNING * * *
The jelly is almost dead.
The jelly hits you.
* * * LOW HITPOINT WARNING * * *
You are splashed with acid!
* * * LOW HITPOINT WARNING * * *
The jelly hits you.
You die...

♣.♣
♣.♣
♣.♣♣
♣♣.
♣♣.♣ ♣
♣.♣♣
♣♣.♣
♣.♣♣
♣♣.♣
♣.♣♣
♣♣@♣
♣♣J..♣
♣♣...♣
..!♣
?.♣ .♣
♣


You could see a jelly.

Vanquished Creatures
  Grinder (D:3)
  4 gnolls (D:3)
  3 adders
  3 ball pythons
  6 endoplasms
  3 giant cockroaches
  4 hobgoblins
  6 jackals (D:3)
  A quokka (D:1)
  6 bats
  6 frilled lizards
  A goblin zombie (D:3)
  A jackal zombie (D:3)
  7 kobolds
  5 rats
57 creatures vanquished.

Vanquished Creatures (others)
  A plant (D:1)
1 creature vanquished.

Grand Total: 58 creatures vanquished

Notes
Turn   | Place    | Note
-------+----------+-------------------------------------------
     0 | D:1      | funkygono the Minotaur Fighter began the quest for the Orb.
     0 | D:1      | Reached XP level 1. HP: 19/19 MP: 0/0
   302 | D:1      | Reached XP level 2. HP: 26/26 MP: 1/1
  1446 | D:2      | Reached XP level 3. HP: 33/33 MP: 2/2
  1816 | D:3      | Noticed Grinder
  1904 | D:3      | Paralysed by Grinder for 3 turns
  1917 | D:3      | Killed Grinder
  1918 | D:3      | Reached skill level 5 in Axes
  1918 | D:3      | Reached skill level 5 in Armour
  1918 | D:3      | Reached skill level 1 in Dodging
  1918 | D:3      | Reached XP level 4. HP: 13/41 MP: 3/3
  1918 | D:3      | Reached XP level 5. HP: 15/47 MP: 4/4
  2046 | D:3      | Found a radiant altar of Vehumet.
  2115 | D:3      | Found a runed translucent door.
  2115 | D:3      | Noticed a human
  2124 | D:3      | Found an opulent altar of Gozag.
  2187 | D:3      | Reached XP level 6. HP: 53/53 MP: 5/5
  2394 | D:3      | HP: 1/53 [acid (8)]
  2394 | D:3      | Slain by a jelly

Illustrated notes

Levels and vault maps discovered:
D:1:      lemuel_arrival_tunnels, layout_loops_corners, serial_forest,
          infiniplex_forest_clump_small, infiniplex_forest_straight_2,
          infiniplex_forest_end_3, infiniplex_forest_lined_ring,
          infiniplex_forest_lined_3_way, infiniplex_forest_straight_2,
          infiniplex_forest_3_way, infiniplex_forest_clump_medium,
          infiniplex_forest_split, infiniplex_forest_clump_double
D:2:      layout_basic
D:3:      kb_forest_paths, layout_basic, lemuel_crystal_altar,
          mainiacjoe_overflow_alcove_4, dk_yredelemnul_ordeal, uniq_grinder

Skill      XL: |  1  2  3 |
---------------+----------+-----
Shields        | 4 |  4.3
Armour         | 4 5 |  5.1
Axes           | 5 |  5.6
Fighting       | 4 |  4.4
Dodging        | 1 |  1.5

Action                     |  1- 3 |  4- 6 || total
---------------------------+-------+-------++-------
  Melee: War axe           |   121 |    35 ||   156
         Headbutt          |    10 |     6 ||    16
 Armour: Scale mail        |    62 |    11 ||    73
  Dodge: Dodged            |    58 |    13 ||    71
  Block: Buckler           |    23 |     5 ||    28

Table legend: (Time is in decaauts)
 A = Elapsed time spent in this place.
 B = Non-inter-level travel time spent in this place.
 C = Inter-level travel time spent in this place.
 D = Time resting spent in this place.
 E = Time spent auto-exploring this place.
 F = Levels seen in this place.
 G = Mean time per level.
                   A        B        C        D        E       F      G
               +--------+--------+--------+--------+--------+-----+--------+
         Total |   2449 |   2339 |    110 |      0 |   1894 |   3 |  816.3 |
       Dungeon |   2449 |   2339 |    110 |      0 |   1894 |   3 |  816.3 |
               +--------+--------+--------+--------+--------+-----+--------+

Top non-repeatable levels by time:
     D:1: 1348 daAuts
     D:3: 560 daAuts
     D:2: 540 daAuts
